 Dungeon Crawl Stone Soup version 0.30-a0-414-gcb316572d5 (webtiles) character file.

Game seed: 9265789129863972774

5 ragingrage the Sneak (level 1, -1/19 HPs)
             Began as a Draconian Delver on Dec 7, 2022.
             Was an Initiate of Okawaru.
             Splashed by a jelly's acid (8 damage)
             ... on level 5 of the Dungeon.
             The game lasted 00:01:28 (271 turns).

ragingrage the Sneak (Draconian Delver)              Turns: 271, Time: 00:01:29

Health: -1/19      AC:  4    Str: 14    XL:     1   Next: 66%
Magic:  1/1        EV: 12    Int: 10    God:    Okawaru [......]
Gold:   0          SH:  0    Dex: 12    Spells: 0/0 levels left

rFire   . . .      SeeInvis .    a - +0 falchion
rCold   . . .      Faith    .    (no shield)
rNeg    . . .      Spirit   .    (body armour unavailable)
rPois   .          Reflect  .    (helmet restricted)
rElec   .          Harm     .    (no cloak)
rCorr   .          Rampage  .    (no gloves)
Will    .....                    (no boots)
Stlth   +++.......               (no amulet)
HPRegen 0.23/turn                (no ring)
MPRegen 0.07/turn                (no ring)

@: hasted, very quick
A: AC +4, unfitting armour, cold-blooded
a: Renounce Religion


You were on level 5 of the Dungeon.
You worshipped Okawaru.
Okawaru was noncommittal.
You visited 1 branch of the dungeon, and saw 3 of its levels.

Inventory:

Hand Weapons
 a - a +0 falchion (weapon)
Wands
 f - a wand of digging (3)
 g - a wand of polymorph (7)
Scrolls
 b - a scroll of fog
 c - 2 scrolls of magic mapping
 d - a scroll of fear
Potions
 h - a potion of might {unknown}


   Skills:
 - Level 3.2 Fighting
 + Level 2.5 Long Blades
 - Level 1.7 Dodging
 - Level 4.5 Stealth


You couldn't memorise any spells.
You didn't know any spells.
Your spell library was empty.

Dungeon Overview and Level Annotations

Branches:
Dungeon (6/15)
 Temple: D:4-7

Altars:
Gozag
Okawaru


Innate Abilities, Weirdness & Mutations

Your plain brown scales are hard. (AC +4)
You cannot fit into any form of body armour.
You are cold-blooded and may be slowed by cold attacks.


Message History

Found a leather armour.
Found a scroll labelled DUNTODI NAOB.
You see here a +0 leather armour.
The adder attacks as you move away! The adder misses you. The adder bites you.
Aiming: Polymorph
Press: ? - help, Shift-Dir - straight line, f - adder
Aim: an adder (will become a swamp drake, a frilled lizard, or a jelly, chance to affect: 57%)
Okay, then.
The adder bites you.
You are poisoned.
The adder poisons you!
You feel sick.
You feel sick. The adder attacks as you move away!
The adder closely misses you.
You feel sick. The adder attacks as you move away!
The adder completely misses you.
You feel sick. The adder bites you but does no damage.
The adder attacks as you move away! The adder barely misses you.
You feel sick.
You are no longer poisoned.
The adder attacks as you move away! The adder bites you.
You are poisoned.
The adder poisons you!
A jelly comes into view.
You feel sick.
The jelly quivers.
You feel sick. The adder barely misses you.
You feel sick. The adder attacks as you move away!
The adder bites you but does no damage.
A hound comes into view.
You feel sick.
You are no longer poisoned.
The jelly misses you.
The hound barks!
The adder barely misses you. The jelly hits you but does no damage.
The adder bites you but does no damage. The jelly attacks as you move away!
The jelly hits you but does no damage. The adder attacks as you move away!
The adder bites you but does no damage.
You feel yourself speed up. The jelly hits you.
You are splashed with acid!
You die...

.....####...........##
.##..# ##...........#
##?..# ##..........#
##[.#.# ##......#..
#..##.# #......# .###
## ##..Yh## .# ##...#
## #.J## ##S@# ####


You could see an ice beast, a jelly and an adder.

Vanquished Creatures
  An ufetubus (D:5)
1 creature vanquished.

Notes
Turn   | Place    | Note
-------+----------+-------------------------------------------
     0 | D:5      | ragingrage the Draconian Delver began the quest for the
                  | Orb.
     0 | D:5      | Reached XP level 1. HP: 19/19 MP: 1/1
     3 | D:6      | Noticed a cyclops
    40 | D:5      | Noticed a scorpion
    49 | D:4      | Found an iron altar of Okawaru.
    49 | D:4      | Found an opulent altar of Gozag.
    65 | D:4      | Became a worshipper of Warmaster Okawaru
    98 | D:6      | Noticed a black bear
   183 | D:5      | Noticed an ice beast
   209 | D:5      | Noticed an iguana
   261 | D:5      | Noticed a jelly
   264 | D:5      | Noticed a hound
   271 | D:5      | Splashed by a jelly's acid

Illustrated notes

Levels and vault maps discovered:
D:4:      layout_basic, nicolae_overflow_hidden_temple,
          minmay_temple_entry_mist, chequers_serial_rivers_micro_d,
          minmay_misc_feat_nine_boxes, chequers_serial_rivers_micro_d
D:5:      layout_layer_cave
D:6:      layout_rooms

Action                   || total
-------------------------++-------
Melee: Falchion          ||     5
       Tailslap          ||     1
  Use: Potion            ||     1
Armor: Skin              ||     7
Dodge: Dodged            ||    16

Table legend: (Time is in decaauts)
 A = Elapsed time spent in this place.
 B = Non-inter-level travel time spent in this place.
 C = Inter-level travel time spent in this place.
 D = Time resting spent in this place.
 E = Time spent auto-exploring this place.
 F = Levels seen in this place.
 G = Mean time per level.
                   A        B        C        D        E       F      G
               +--------+--------+--------+--------+--------+-----+--------+
         Total |    272 |    272 |      0 |     32 |     22 |   3 |   90.7 |
       Dungeon |    272 |    272 |      0 |     32 |     22 |   3 |   90.7 |
               +--------+--------+--------+--------+--------+-----+--------+

Top non-repeatable levels by time:
     D:5: 244 daAuts
     D:4: 24 daAuts
     D:6: 3 daAuts
